[Event "Titled Tuesday Blitz April 11 Early 2023"]
[White "Palencia Morales, Wilson Guillermo"]
[Black "MunichMouse"]
[WhiteFideId "4401859"]
[WhiteElo "2139"]
[BlackElo "2317"]
[Result "1-0"]
[Round "11"]
[TimeControl "180+2"]
[Date "2023.04.11"]
[WhiteClock "0:01:01"]
[BlackClock "0:00:05"]

1. e4 c5 2. c3 d6 3. d4 Nf6 4. Bd3 Qc7 5. Nf3 g6 6. O-O Bg7 7. h3 e5 8. d5 h6 9. c4 O-O 10. Nc3 Ne8 11. Nd2 f5 12. f3 f4 13. a3 g5 14. b4 b6 15. Nb3 h5 16. Kf2 Qe7 17. Ke2 g4 18. hxg4 hxg4 19. Kd2 a5 20. bxa5 bxa5 21. Nb5 a4 22. Kc2 axb3+ 23. Kxb3 Nc7 24. Bb2 Nxb5 25. cxb5 Qa7 26. a4 Nd7 27. a5 c4+ 28. Bxc4 Qe3+ 29. Bc3 Nc5+ 30. Kb4 Ba6 31. Qe2 Qxe2 32. Bxe2 Rfb8 33. Rfb1 Rb7 34. Kc4 Rab8 35. bxa6 Nxa6 36. Rxb7 Rxb7 37. Kd3 Nc5+ 38. Kc2 gxf3 39. gxf3 Bf6 40. a6 Ra7 41. Bb4 Bd8 42. Bxc5 dxc5 43. d6 Kf7 44. Bc4+ Ke8 45. Rg1 Rg7 46. Rxg7 1-0


[Site "https://www.chess.com"]

[Event "Titled Tuesday Blitz April 11 Early 2023"]
[White "Skaric, Djuro"]
[Black "Zacurdajev, Dmitry"]
[WhiteFideId "934569"]
[BlackFideId "4196309"]
[WhiteElo "2282"]
[BlackElo "2189"]
[Result "1-0"]
[Round "11"]
[TimeControl "180+2"]
[Date "2023.04.11"]
[WhiteClock "0:01:37"]
[BlackClock "0:00:08"]

1. g3 d5 2. Bg2 Nf6 3. d3 e6 4. Nf3 c5 5. O-O Nc6 6. h3 Be7 7. Nc3 O-O 8. e4 a6 9. g4 d4 10. Ne2 b5 11. Nd2 e5 12. f4 exf4 13. Nxf4 Ne5 14. Nf3 Bd6 15. g5 Nfd7 16. Nd5 Nb6 17. Nxb6 Qxb6 18. Bf4 Nxf3+ 19. Qxf3 Bxf4 20. Qxf4 c4 21. Rae1 b4 22. b3 cxd3 23. cxd3 a5 24. e5 Ra7 25. h4 Re7 26. h5 a4 27. Be4 Bb7 28. Bf5 Qc6 29. Be4 Qc7 30. g6 Bxe4 31. Rxe4 hxg6 32. hxg6 Qc6 33. e6 f5 34. Qh4 1-0


[Site "https://www.chess.com"]

[Event "Titled Tuesday Blitz April 11 Early 2023"]
[White "lluiss"]
[Black "mohsengabr2002"]
[WhiteElo "2276"]
[BlackElo "2425"]
[Result "0-1"]
[Round "11"]
[TimeControl "180+2"]
[Date "2023.04.11"]
[WhiteClock "0:00:03"]
[BlackClock "0:01:02"]

1. c4 f6 2. Nc3 g6 3. g3 e6 4. Bg2 Nh6 5. b4 Nf7 6. Bb2 Bg7 7. a4 O-O 8. b5 c6 9. h4 d5 10. cxd5 cxd5 11. d4 a5 12. h5 Nd7 13. hxg6 hxg6 14. Nf3 Nb6 15. Ba3 Re8 16. Bc5 Nc4 17. Nd2 b6 18. Nxc4 bxc5 19. dxc5 Qe7 20. Nb6 Qxc5 21. Nxa8 Qxc3+ 22. Kf1 Bb7 23. Rc1 Qb4 24. Nc7 Re7 25. Rh4 Qd6 26. Qc2 f5 27. f4 Bd4 28. Na6 Bxa6 29. bxa6 Qxa6 30. Qc8+ Qxc8 31. Rxc8+ Kg7 32. Ra8 Bc3 33. Bf3 Rb7 34. g4 Nd6 35. Rhh8 Kf7 36. g5 Bxh8 37. Rxh8 Rb4 38. Rh7+ Kf8 39. Rd7 Nc4 40. Rd8+ Ke7 41. Rg8 Kf7 42. Rh8 Kg7 43. Re8 Kf7 44. Rh8 Rxa4 45. Rh7+ Kf8 46. Rh8+ Kg7 47. Re8 Kf7 48. Rb8 Nd2+ 49. Kf2 Nxf3 50. Kxf3 Ra3+ 51. Kf2 a4 52. Rb7+ Ke8 53. Rb8+ Kd7 54. Rg8 Rb3 55. Rxg6 Kd6 56. Rg7 a3 57. Ra7 d4 58. g6 Rb8 59. Rxa3 Rg8 60. Rg3 e5 61. fxe5+ Kxe5 62. Kf3 Kf6 0-1


[Site "https://www.chess.com"]

[Event "Titled Tuesday Blitz April 11 Early 2023"]
[White "Zaichenko, Daria"]
[Black "Bas Mas, Jose Joaquin"]
[WhiteFideId "4197453"]
[BlackFideId "22219064"]
[WhiteElo "2039"]
[BlackElo "2233"]
[Result "0-1"]
[Round "11"]
[TimeControl "180+2"]
[Date "2023.04.11"]
[WhiteClock "0:00:01"]
[BlackClock "0:01:15"]

1. e4 e6 2. d4 d5 3. e5 c5 4. c3 Nc6 5. Nf3 Qb6 6. a3 c4 7. Nbd2 Na5 8. Be2 Bd7 9. O-O Ne7 10. Qc2 Qc7 11. b4 cxb3 12. Nxb3 Ba4 13. Nfd2 Nc8 14. Rb1 Nb6 15. Qd3 Nac4 16. Nc5 Nxd2 17. Bxd2 Bxc5 18. dxc5 Qxc5 19. Qg3 Kf8 20. c4 a5 21. Qh4 d4 22. Bf3 Bc6 23. Bxc6 bxc6 24. f4 g6 25. Qf6 Rg8 26. f5 gxf5 27. Rxf5 exf5 28. e6 Qe7 29. Bh6+ Ke8 30. exf7+ Kd7 31. Qxe7+ Kxe7 32. fxg8=Q Rxg8 33. Rxb6 Kd6 34. Rb7 Kc5 35. Rc7 Rg6 36. Bf4 Kxc4 37. Kf2 Re6 38. Rd7 c5 39. g3 Kd3 40. Ra7 c4 41. Rxa5 c3 42. Rxf5 Re2+ 43. Kf3 Rxh2 44. a4 c2 45. a5 Rh1 46. Rc5 Rf1+ 47. Kg4 Ra1 0-1


[Site "https://www.chess.com"]

[Event "Titled Tuesday Blitz April 11 Early 2023"]
[White "babbilator"]
[Black "Estrada Nieto, Julian"]
[BlackFideId "5101018"]
[WhiteElo "2264"]
[BlackElo "2161"]
[Result "0-1"]
[Round "11"]
[TimeControl "180+2"]
[Date "2023.04.11"]
[WhiteClock "0:00:39"]
[BlackClock "0:01:25"]

1. e4 e5 2. Nc3 Nf6 3. Nf3 Nc6 4. Bb5 Bb4 5. d3 O-O 6. Bg5 Bxc3+ 7. bxc3 d6 8. O-O Qe7 9. Re1 Nd8 10. d4 Ne6 11. Bc1 c6 12. Bf1 Qc7 13. g3 Re8 14. a4 Qa5 15. Bd2 Bd7 16. c4 Qc7 17. c3 Rac8 18. Qb3 exd4 19. cxd4 c5 20. d5 Nd4 21. Nxd4 cxd4 22. Bd3 Bh3 23. f3 Nd7 24. f4 Nc5 25. Qc2 Nxd3 26. Qxd3 Qxc4 27. Qxc4 Rxc4 28. Rec1 Rxc1+ 29. Rxc1 Rxe4 30. Rc7 Re2 31. Bb4 d3 0-1


[Site "https://www.chess.com"]

[Event "Titled Tuesday Blitz April 11 Early 2023"]
[White "FuenfgegenWilly"]
[Black "Gracia Alvarez, Gerardo Antonio"]
[BlackFideId "5109124"]
[WhiteElo "2260"]
[BlackElo "2160"]
[Result "1-0"]
[Round "11"]
[TimeControl "180+2"]
[Date "2023.04.11"]
[WhiteClock "0:00:12"]
[BlackClock "0:00:01"]

1. Nf3 d5 2. e3 Nf6 3. c4 c6 4. b3 Bg4 5. h3 Bh5 6. Bb2 Nbd7 7. Nc3 e6 8. Ne2 Bxf3 9. gxf3 Bd6 10. Rg1 O-O 11. Ng3 Be5 12. Qc2 Qc7 13. f4 Bxb2 14. Qxb2 Rfe8 15. Rc1 a5 16. Be2 a4 17. cxd5 exd5 18. Nf5 g6 19. h4 axb3 20. axb3 Kf8 21. Nh6 Qd6 22. h5 c5 23. hxg6 hxg6 24. Qb1 Qe6 25. f5 Qe4 26. fxg6 fxg6 27. Rxg6 Qxb1 28. Rxb1 Ne4 29. Bb5 Rad8 30. f3 Nef6 31. Ke2 Ke7 32. Rg7+ Ke6 33. Rc1 Rh8 34. Ng4 Nxg4 35. fxg4 Rh2+ 36. Kd3 Ne5+ 37. Kc2 d4 38. exd4 Rxd4 39. Rxb7 Rdxd2+ 40. Kc3 Rd4 41. Bc4+ Nxc4 42. bxc4 Rh3+ 43. Kb2 Rd2+ 44. Kb1 Rhh2 45. Rb5 Kd6 46. g5 1-0


[Site "https://www.chess.com"]

[Event "Titled Tuesday Blitz April 11 Early 2023"]
[White "Nugumanov, Bakhtiyar"]
[Black "Tarasova, Viktoriya"]
[WhiteFideId "13701797"]
[BlackFideId "4175840"]
[WhiteElo "2209"]
[BlackElo "2182"]
[Result "1/2-1/2"]
[Round "11"]
[TimeControl "180+2"]
[Date "2023.04.11"]
[WhiteClock "0:00:05"]
[BlackClock "0:00:03"]

1. Nf3 Nf6 2. c4 e6 3. g3 b6 4. Bg2 Bb7 5. O-O c5 6. Nc3 Be7 7. Re1 O-O 8. e4 d6 9. d4 cxd4 10. Nxd4 Qc8 11. b3 Nc6 12. Bb2 Rd8 13. Nc2 a6 14. Qe2 Qc7 15. Rad1 Rac8 16. f4 Qb8 17. h3 Nd7 18. f5 Nde5 19. Ne3 Bf6 20. g4 h6 21. Qf2 Ba8 22. h4 b5 23. Qg3 bxc4 24. g5 hxg5 25. hxg5 Be7 26. g6 fxg6 27. fxe6 cxb3 28. Ncd5 bxa2 29. Ba1 Qa7 30. Kh2 Rb8 31. Ng4 Nxg4+ 32. Qxg4 Ne5 33. Bxe5 Bxd5 34. Qxg6 dxe5 35. Qf7+ Kh8 36. Qh5+ Kg8 37. Qf7+ Kh8 38. Rd3 Rb3 39. Qh5+ Kg8 40. Qf7+ Kh8 41. Qh5+ Kg8 42. Qf7+ Kh8 1/2-1/2


[Site "https://www.chess.com"]

[Event "Titled Tuesday Blitz April 11 Early 2023"]
[White "Dahlgren, James Allen"]
[Black "Kabilov, Amin"]
[WhiteFideId "22256873"]
[BlackFideId "14700859"]
[WhiteElo "2202"]
[BlackElo "2110"]
[Result "1-0"]
[Round "11"]
[TimeControl "180+2"]
[Date "2023.04.11"]
[WhiteClock "0:00:15"]
[BlackClock "0:00:03"]

1. e4 c5 2. c4 Nc6 3. Nc3 g6 4. f4 Bg7 5. Nf3 d6 6. d3 Bg4 7. Be2 Nf6 8. O-O O-O 9. Be3 Bxf3 10. Bxf3 Ne8 11. Qd2 Nc7 12. g4 Ne6 13. f5 Ned4 14. Bh6 Ne5 15. Bd1 Bxh6 16. Qxh6 f6 17. Nd5 g5 18. h4 Nf7 19. Qh5 Rb8 20. Kg2 b5 21. b3 bxc4 22. dxc4 gxh4 23. Qxh4 Ng5 24. Rh1 Rf7 25. Rc1 Qa5 26. Qf2 Nxe4 27. Qb2 Qd2+ 28. Qxd2 Nxd2 29. Bc2 Nxc2 30. Rxc2 Ne4 31. Kf3 Ng5+ 32. Kf4 a5 33. Re2 Rb7 34. Rhe1 Kf8 35. Re3 a4 36. R1e2 axb3 37. axb3 Rg7 38. Ra2 Kf7 39. Ra8 Rd7 40. Nb6 Rb7 41. Nd5 e5+ 42. fxe6+ Nxe6+ 43. Kf5 Rg5+ 44. Ke4 Re5+ 45. Kf3 Rxe3+ 46. Nxe3 Rxb3 47. Ra7+ Kg6 48. Ke4 Ng5+ 49. Kf4 Nh3+ 50. Ke4 Nf2+ 51. Kf4 Nd3+ 52. Ke4 Ne5 53. Nf5 Nxg4 54. Rg7+ Kh5 55. Ng3+ Kh4 56. Nf5+ Kh3 57. Rxh7+ Kg2 58. Rg7 Kh3 59. Rh7+ Kg2 60. Rg7 Kh3 61. Kf4 Nh6 62. Rh7 Rb4 63. Rxh6+ Kg2 64. Rg6+ Kf2 65. Nxd6 Rb6 66. Rxf6 Ke2 67. Ke5 Kd3 68. Kd5 Rb8 69. Kxc5 Ra8 70. Kd5 Ra5+ 71. c5 Ra8 72. Rf3+ Ke2 73. Rh3 Kd2 74. c6 Ra5+ 75. Ke6 Rc5 76. Kd7 Ke2 77. c7 1-0


[Site "https://www.chess.com"]

[Event "Titled Tuesday Blitz April 11 Early 2023"]
[White "lolliNOPE"]
[Black "Marcziter, Dmitrii"]
[BlackFideId "13900765"]
[WhiteElo "2179"]
[BlackElo "2162"]
[Result "1-0"]
[Round "11"]
[TimeControl "180+2"]
[Date "2023.04.11"]
[WhiteClock "0:00:05"]
[BlackClock "0:00:01"]

1. e4 c5 2. Nf3 a6 3. c3 d5 4. e5 Nc6 5. d4 Bg4 6. Be2 e6 7. O-O Qb6 8. dxc5 Bxc5 9. b4 Bf8 10. Bf4 Nge7 11. Be3 Qc7 12. Bd4 Ng6 13. b5 axb5 14. Bxb5 Be7 15. Re1 O-O 16. Nbd2 Rac8 17. Bd3 Nxd4 18. cxd4 Ba3 19. Qb3 Qc3 20. Rab1 Nf4 21. Bf1 Bf5 22. Re3 Qc2 23. Qxc2 Bxc2 24. Rxa3 Bxb1 25. Nxb1 Rc1 26. Nbd2 Ne2+ 27. Kh1 Nc3 28. g3 Ne4 29. Kg2 Rfc8 30. Bd3 Nxd2 31. Nxd2 R1c3 32. Rxc3 Rxc3 33. Bb1 Rc1 34. Kf3 g5 35. Ke2 Rh1 36. Bc2 Rxh2 37. Nf1 Rh6 38. Bb3 f6 39. exf6 Rxf6 40. Ne3 h5 41. Ng2 Rf8 42. f4 gxf4 43. Nxf4 h4 44. Kf3 h3 45. Kf2 h2 46. Kg2 Kf7 47. Kxh2 Rc8 48. Kg2 Rc3 49. Kh3 Re3 50. Kg4 Kf6 51. Bxd5 Ra3 52. Bxe6 Ra6 53. Bd5 Ra4 54. Bxb7 Rxd4 55. Bd5 Ke5 56. Bb3 Kd6 57. Kf5 Ke7 58. g4 Kf8 59. g5 Rd2 60. g6 Rh2 61. Kf6 1-0


[Site "https://www.chess.com"]

[Event "Titled Tuesday Blitz April 11 Early 2023"]
[White "NtcPou"]
[Black "Gheorghiu, Calin"]
[BlackFideId "1200305"]
[WhiteElo "2016"]
[BlackElo "2223"]
[Result "0-1"]
[Round "11"]
[TimeControl "180+2"]
[Date "2023.04.11"]
[WhiteClock "0:00:12"]
[BlackClock "0:00:37"]

1. e4 c5 2. Nf3 d6 3. Bb5+ Nd7 4. a4 Nf6 5. Nc3 g6 6. O-O Bg7 7. Re1 O-O 8. d4 cxd4 9. Qxd4 a6 10. Bc4 b6 11. Bg5 Bb7 12. Rad1 Nxe4 13. Qe3 Nxg5 14. Nxg5 Ne5 15. Bd5 Bxd5 16. Nxd5 e6 17. Nxb6 Rb8 18. a5 d5 19. Qg3 Nc6 20. c3 Nxa5 21. Na4 Nc4 22. Re2 Qa5 23. Ra1 Nxb2 24. Qh4 h6 25. Nf3 Nxa4 26. Rxa4 Rb1+ 27. Re1 Rxe1+ 28. Nxe1 Qxc3 29. f3 Rb8 30. Ra2 Bd4+ 31. Kh1 Qe3 32. h3 Qg1# 0-1


[Site "https://www.chess.com"]

[Event "Titled Tuesday Blitz April 11 Early 2023"]
[White "Belov, Alexei"]
[Black "Sailer, Mike"]
[WhiteFideId "4128206"]
[BlackFideId "2012901"]
[WhiteElo "2592"]
[BlackElo "2109"]
[Result "1-0"]
[Round "11"]
[TimeControl "180+2"]
[Date "2023.04.11"]
[WhiteClock "0:00:17"]
[BlackClock "0:00:08"]

1. e4 d5 2. exd5 Qxd5 3. Nc3 Qd6 4. Nf3 Nf6 5. d4 c6 6. Bd3 Bg4 7. Ne4 Nxe4 8. Bxe4 Nd7 9. O-O e6 10. c3 Nf6 11. Bd3 Be7 12. Be2 O-O 13. Ne5 Bxe2 14. Qxe2 c5 15. dxc5 Qxc5 16. Bg5 Rfd8 17. Rad1 h6 18. Bxf6 Bxf6 19. Nd7 Qf5 20. Nxf6+ Qxf6 21. Qe4 Qe7 22. g3 g6 23. c4 b6 24. h4 h5 25. b3 Qc5 26. Qf4 Rac8 27. Qf6 Rd6 28. Rfe1 Rc7 29. Rxd6 Qxd6 30. Re3 Rd7 31. a4 a5 32. Kh2 Qd4 33. Qxd4 Rxd4 34. Kg2 Kf8 35. Re5 Ke7 36. Rb5 Rd6 37. Kf3 Kd7 38. c5 bxc5 39. Rxa5 Rd3+ 40. Ke4 Rxb3 41. Ra7+ Ke8 42. Ke5 Rf3 43. Kd6 Kf8 44. Kxc5 Rxf2 45. a5 Rf3 46. a6 Rxg3 47. Ra8+ Ke7 48. a7 Ra3 49. Kb6 Rb3+ 50. Kc5 Ra3 51. Kd4 Kf6 52. Kc5 Kf5 53. Kb6 e5 54. Rf8 Rxa7 55. Kxa7 f6 56. Kb6 g5 57. hxg5 Kxg5 58. Kc5 h4 59. Kd5 h3 60. Ke4 Kg4 61. Rg8+ Kh4 62. Kf3 f5 63. Rh8+ Kg5 64. Rxh3 e4+ 65. Ke3 Kg4 66. Rh8 1-0


[Site "https://www.chess.com"]

[Event "Titled Tuesday Blitz April 11 Early 2023"]
[White "Buscar, Michael"]
[Black "Lenaerts, Lennert"]
[WhiteFideId "2603616"]
[BlackFideId "211435"]
[WhiteElo "2010"]
[BlackElo "2334"]
[Result "0-1"]
[Round "11"]
[TimeControl "180+2"]
[Date "2023.04.11"]
[WhiteClock "0:00:13"]
[BlackClock "0:02:11"]

1. Nf3 d5 2. g3 c6 3. Bg2 Nf6 4. c4 Bg4 5. cxd5 Bxf3 6. Bxf3 cxd5 7. d3 e6 8. O-O Nc6 9. Nd2 Be7 10. Bg2 O-O 11. Nf3 Rc8 12. Bd2 Qb6 13. Qb3 Qxb3 14. axb3 a6 15. Rfc1 Na7 16. Nd4 Rxc1+ 17. Rxc1 Rc8 18. Rxc8+ Nxc8 19. b4 Na7 20. e4 dxe4 21. dxe4 e5 22. Nf5 Bf8 23. f3 Nc6 24. b5 axb5 25. Bf1 g6 26. Ne3 Nd4 27. Kf2 Bc5 28. Bc3 b4 29. Bd2 Kf8 30. Bc4 Nd7 31. Kg2 Nb6 32. Bd5 Nxd5 33. Nxd5 Nc6 34. h4 Bd4 35. b3 Bc5 36. Nf6 Ke7 37. Nxh7 Nd4 38. Bg5+ Ke6 39. g4 Nxb3 40. h5 Nd4 41. Bc1 Ne2 42. Ng5+ Kf6 43. h6 Nxc1 44. Nh3 Bf8 45. g5+ Ke6 46. f4 b3 0-1


[Site "https://www.chess.com"]

[Event "Titled Tuesday Blitz April 11 Early 2023"]
[White "Gurevich, Dmitry"]
[Black "a-z30"]
[WhiteFideId "2000407"]
[WhiteElo "2506"]
[BlackElo "2318"]
[Result "1-0"]
[Round "11"]
[TimeControl "180+2"]
[Date "2023.04.11"]
[WhiteClock "0:00:04"]
[BlackClock "0:00:02"]

1. d4 d6 2. Nf3 Nf6 3. c4 g6 4. Nc3 Bg7 5. e4 O-O 6. Be2 c5 7. O-O Bg4 8. d5 Nbd7 9. Bf4 a6 10. a4 Qc7 11. Nd2 Bxe2 12. Qxe2 Rfe8 13. h3 e6 14. Qd3 exd5 15. cxd5 Ne5 16. Bxe5 Rxe5 17. Nc4 Ree8 18. f4 Nd7 19. Rae1 Nb6 20. Kh1 Nxc4 21. Qxc4 Qb6 22. Re2 Qb4 23. Qxb4 cxb4 24. Na2 a5 25. b3 Re7 26. Rfe1 Rae8 27. Nc1 Bc3 28. Rd1 f5 29. e5 dxe5 30. d6 Rd7 31. fxe5 Rxe5 32. Rxe5 Bxe5 33. Rd5 Rxd6 34. Rxe5 Rd1+ 35. Kh2 Rxc1 36. Rxa5 Rc3 37. Rb5 Rxb3 38. Rxb7 Rb1 39. a5 Ra1 40. Rxb4 Rxa5 41. Rb7 Re5 42. Kg3 Re8 43. Kf4 Rf8 44. Kg5 Rf7 45. Rb6 Kg7 46. h4 h6+ 47. Kf4 Rc7 48. g3 Rc4+ 49. Kf3 Rc3+ 50. Kf4 Rc4+ 51. Kf3 Rg4 52. Ra6 g5 53. h5 Rb4 54. Rg6+ Kh7 55. Rf6 Rb3+ 56. Kf2 Rb5 57. Kf3 Kg7 58. Rg6+ Kh7 59. Rf6 Rd5 60. Ke3 Re5+ 61. Kf3 Ra5 62. Ke3 Ra3+ 63. Kf2 Ra2+ 64. Ke3 Rh2 65. Rxf5 Rxh5 66. Kf3 Kg6 67. Ra5 Rh1 68. Ra6+ Kf7 69. Ra7+ Ke6 70. Ra6+ Kd5 71. Kg4 Ke4 72. Ra4+ Kd3 73. Ra3+ Kc4 74. Ra4+ Kb5 75. Re4 Rh2 76. Kf5 Kc5 77. Kg6 Kd5 78. Ra4 Rh3 79. g4 Rh4 80. Rb4 Ke5 81. Ra4 Rh1 82. Rb4 Rf1 83. Ra4 Rf4 84. Ra5+ Ke4 85. Kh5 Kf3 86. Ra3+ Kg2 87. Ra2+ Kg3 88. Ra3+ Rf3 89. Ra4 Rf6 90. Ra3+ Rf3 91. Ra6 Kf4 92. Ra4+ Kg3 93. Ra5 Rf4 94. Ra6 Rxg4 95. Ra3+ Kf4 96. Ra4+ Kf5 97. Rxg4 Kf6 98. Rg1 Kg7 99. Ra1 Kh7 1-0


[Site "https://www.chess.com"]

[Event "Titled Tuesday Blitz April 11 Early 2023"]
[White "Smith, Garrett L"]
[Black "Turzo, Attila"]
[WhiteFideId "2024829"]
[BlackFideId "704954"]
[WhiteElo "2321"]
[BlackElo "2472"]
[Result "0-1"]
[Round "11"]
[TimeControl "180+2"]
[Date "2023.04.11"]
[WhiteClock "0:00:14"]
[BlackClock "0:01:02"]

1. e4 c5 2. a3 g6 3. b4 Bg7 4. Nc3 d6 5. Nf3 Nf6 6. Rb1 O-O 7. Be2 b6 8. O-O Nc6 9. Bb5 Bb7 10. Re1 Nd7 11. Bxc6 Bxc6 12. d4 cxd4 13. Nxd4 Bb7 14. Be3 Rc8 15. Rb3 Ne5 16. Nd5 e6 17. Nc3 a6 18. b5 a5 19. f3 Nc4 20. Bf2 Qc7 21. h3 Rfd8 22. Bh4 Rd7 23. Nde2 d5 24. Bg3 Qd8 25. Qc1 d4 26. Na4 Ne3 27. Rxe3 dxe3 28. Qxe3 Rxc2 29. Nxb6 Rdd2 30. Bf2 Rd1 31. Kh2 Rxe1 32. Bxe1 Qd1 33. Nd4 Bxd4 0-1


[Site "https://www.chess.com"]

[Event "Titled Tuesday Blitz April 11 Early 2023"]
[White "Shapiro, Viktor"]
[Black "Biriukov, Ilja"]
[WhiteFideId "4175700"]
[BlackFideId "4113373"]
[WhiteElo "2152"]
[BlackElo "2426"]
[Result "1-0"]
[Round "11"]
[TimeControl "180+2"]
[Date "2023.04.11"]
[WhiteClock "0:00:54"]
[BlackClock "0:01:11"]

1. c4 e5 2. Nc3 f5 3. g3 Nf6 4. Bg2 Bc5 5. d3 a5 6. e3 d6 7. Nge2 O-O 8. O-O c6 9. d4 exd4 10. exd4 Ba7 11. h3 d5 12. cxd5 cxd5 13. Bg5 Nc6 14. Nxd5 Kh8 15. Nxf6 gxf6 16. Be3 Ne7 17. Nf4 Ng6 18. Ne2 Rb8 19. Qb3 b5 20. Rad1 b4 21. d5 Ba6 22. Bxa7 Bxe2 23. Bxb8 Bxd1 24. Rxd1 Qxb8 25. d6 f4 26. Qe6 fxg3 27. fxg3 Qb6+ 28. Kh2 Qf2 29. d7 Ne5 30. d8=Q Nf3+ 31. Kh1 Rxd8 32. Rxd8+ Kg7 33. Rg8+ Kh6 34. Qxf6+ 1-0


[Site "https://www.chess.com"]

[Event "Titled Tuesday Blitz April 11 Early 2023"]
[White "Mordechai, Hanan"]
[Black "Makhmudov, Shukhrat"]
[WhiteFideId "2804166"]
[BlackFideId "14200775"]
[WhiteElo "2324"]
[BlackElo "2135"]
[Result "1-0"]
[Round "11"]
[TimeControl "180+2"]
[Date "2023.04.11"]
[WhiteClock "0:00:27"]
[BlackClock "0:00:24"]

1. Nf3 d5 2. c4 e6 3. g3 Nf6 4. Bg2 c6 5. O-O Be7 6. d4 O-O 7. Nc3 Nbd7 8. Nd2 b6 9. e4 dxe4 10. Ndxe4 Nxe4 11. Nxe4 Bb7 12. Bf4 c5 13. Nf6+ Nxf6 14. Bxb7 Rb8 15. Bxb8 Qxb8 16. Bg2 Rd8 17. d5 exd5 18. cxd5 Bd6 19. Qb3 b5 20. Rad1 c4 21. Qf3 Qb6 22. Rfe1 a5 23. g4 h6 24. h4 Nd7 25. Qf5 Ne5 26. Rxe5 Bxe5 27. Qxe5 b4 28. d6 c3 29. bxc3 bxc3 30. Qxc3 Rxd6 31. Qc8+ Kh7 32. Qf5+ Kg8 33. Rxd6 Qxd6 34. Be4 g6 35. Qd5 Qf4 36. Bf3 a4 37. Kg2 a3 38. Qa8+ Kg7 39. Qxa3 h5 40. Qe3 Qf6 41. g5 Qa6 42. Qd4+ Kh7 43. a4 Qe6 44. Qf4 Qa2 45. Be4 Kg8 46. Bf3 Kh7 47. a5 Kg8 48. Qb4 Kh7 49. Qb5 Qa1 50. Qd5 Kg8 51. Qd8+ Kh7 52. Qb6 Qa4 53. Kg3 Qa1 54. a6 Qg1+ 55. Bg2 Qa1 56. a7 Qe5+ 57. Kh3 Qf5+ 58. Kh2 Qf4+ 59. Kg1 Qc1+ 60. Bf1 Qc8 61. Qd4 Qc6 62. Bg2 Qc1+ 63. Kh2 Qc7+ 64. f4 Qc8 65. a8=Q 1-0


[Site "https://www.chess.com"]

[Event "Titled Tuesday Blitz April 11 Early 2023"]
[White "Kohler, Aran"]
[Black "Halldorsson, Halldor"]
[WhiteFideId "1002856"]
[BlackFideId "2301369"]
[WhiteElo "2301"]
[BlackElo "2190"]
[Result "1-0"]
[Round "11"]
[TimeControl "180+2"]
[Date "2023.04.11"]
[WhiteClock "0:00:39"]
[BlackClock "0:01:09"]

1. Nf3 Nf6 2. d4 g6 3. Bg5 Ne4 4. Bh4 d5 5. c3 Bg7 6. Nbd2 c5 7. e3 Nc6 8. Nxe4 dxe4 9. Nd2 cxd4 10. exd4 g5 11. Bxg5 Qd5 12. Be3 e5 13. Bc4 Qa5 14. d5 Ne7 15. Nxe4 Bf5 16. Nd6+ Kd7 17. Nxf5 Nxf5 18. O-O Nd6 19. Bb3 f5 20. f4 Rag8 21. fxe5 Bxe5 22. Kh1 Rg4 23. Rxf5 Rxg2 24. Rxe5 Rhg8 25. Qh5 Qd8 26. Qxh7+ R2g7 27. Qh3+ Kc7 28. Re6 Rh8 29. Rh6 Rhg8 30. Bf4 Rg6 31. Re1 Qf6 32. Bxd6+ Qxd6 33. Rxg6 Qxg6 34. Qg3+ Qxg3 35. hxg3 Rxg3 36. Re7+ Kb6 37. d6 Rd3 38. d7 Rd2 39. Be6 1-0


[Site "https://www.chess.com"]

[Event "Titled Tuesday Blitz April 11 Early 2023"]
[White "Manon-og, Ramon Jr."]
[Black "Zampronha, Wladimir Camilo"]
[WhiteFideId "5200776"]
[BlackFideId "2103087"]
[WhiteElo "2391"]
[BlackElo "2176"]
[Result "1/2-1/2"]
[Round "11"]
[TimeControl "180+2"]
[Date "2023.04.11"]
[WhiteClock "0:00:07"]
[BlackClock "0:00:06"]

1. e4 c5 2. Nf3 e6 3. d4 cxd4 4. Nxd4 Nc6 5. Nxc6 bxc6 6. c4 Nf6 7. Nc3 Bb4 8. Bd3 e5 9. O-O O-O 10. Bg5 h6 11. Bh4 g5 12. Bg3 d6 13. Qc2 Qe7 14. Rad1 Nh5 15. a3 Bc5 16. b4 Bd4 17. Ne2 Bb6 18. a4 a5 19. b5 Bb7 20. Qb3 Bc5 21. Nc3 Bd4 22. Be2 Nxg3 23. hxg3 Bxc3 24. Qxc3 cxb5 25. cxb5 Bxe4 26. Bf3 Bxf3 27. Qxf3 Rac8 28. Rc1 Qe6 29. Qb7 Rc4 30. Ra1 Qc8 31. Qa7 Qc7 32. Qa6 Rb8 33. Rfd1 Rd4 34. Rxd4 exd4 35. Rd1 Qc5 36. Qxa5 Re8 37. Qd2 Ra8 38. Qxd4 Qc2 39. b6 Rxa4 40. b7 Rb4 41. Qxb4 Qxd1+ 42. Kh2 Qh5+ 43. Kg1 Qd1+ 44. Kh2 Qh5+ 45. Qh4 gxh4 46. b8=Q+ Kg7 47. Qxd6 hxg3+ 48. Kxg3 Qg5+ 49. Kf3 Qf6+ 50. Qxf6+ Kxf6 51. Kf4 Kg6 52. g4 Kf6 53. f3 Ke6 54. Ke4 Kf6 55. Kf4 Ke6 56. Kg3 Kf6 57. Kh4 Kg6 58. f4 Kf6 59. Kh5 Kg7 60. g5 hxg5 61. Kxg5 f6+ 62. Kf5 Kf7 63. Ke4 Ke6 64. f5+ Kd6 65. Kd4 Kc6 66. Kc4 Kd6 67. Kd4 Kc6 68. Kc4 Kd6 69. Kd4 1/2-1/2


[Site "https://www.chess.com"]

[Event "Titled Tuesday Blitz April 11 Early 2023"]
[White "Palacio,Igor Da Paz"]
[Black "Sliwicki, Damian"]
[WhiteFideId "2121140"]
[BlackFideId "1127128"]
[WhiteElo "2126"]
[BlackElo "2030"]
[Result "0-1"]
[Round "11"]
[TimeControl "180+2"]
[Date "2023.04.11"]
[WhiteClock "0:00:01"]
[BlackClock "0:00:04"]

1. e4 e5 2. Nf3 Nc6 3. Bb5 a6 4. Ba4 Nf6 5. Qe2 b5 6. Bb3 Be7 7. c3 O-O 8. O-O d6 9. a4 Rb8 10. axb5 axb5 11. d3 b4 12. Bc4 Bg4 13. h3 Bh5 14. Bg5 bxc3 15. bxc3 Qd7 16. Nbd2 Rb2 17. Rfb1 Rfb8 18. Rxb2 Rxb2 19. Ra8+ Nd8 20. Qe1 h6 21. Bxf6 Bxf6 22. Qa1 Rb6 23. g4 Bg6 24. Nf1 h5 25. Ne3 hxg4 26. hxg4 c6 27. Kg2 Qb7 28. Ra7 Qb8 29. Ra8 Qb7 30. Ra2 Be7 31. Ra7 Qb8 32. Rxe7 Rb1 33. Qa2 Kf8 34. Ra7 Rb2 35. Ra8 Qc7 36. Qxb2 d5 37. exd5 cxd5 38. Bxd5 Qd7 39. Be4 Bxe4 40. dxe4 f6 41. Qb4+ Kf7 42. Qb8 Ne6 43. Qg8+ Kg6 44. Nh4+ Kg5 45. Nf3+ Kg6 46. Nd5 Nf4+ 0-1


[Site "https://www.chess.com"]

[Event "Titled Tuesday Blitz April 11 Early 2023"]
[White "Yosha_Iglesias"]
[Black "Kula, Robert"]
[BlackFideId "1101218"]
[WhiteElo "2427"]
[BlackElo "2180"]
[Result "1-0"]
[Round "11"]
[TimeControl "180+2"]
[Date "2023.04.11"]
[WhiteClock "0:01:18"]
[BlackClock "0:01:20"]

1. d4 d5 2. Nf3 c6 3. e3 Nf6 4. c4 Bg4 5. h3 Bh5 6. cxd5 cxd5 7. Nc3 Nc6 8. g4 Bg6 9. Ne5 e6 10. h4 h5 11. Nxg6 fxg6 12. g5 Nd7 13. Bd3 Ne7 14. Ne2 Nf5 15. Nf4 Kf7 16. Bd2 Bd6 17. Qf3 Bxf4 18. Qxf4 Qb8 19. Qf3 Qd6 20. O-O-O Rac8+ 21. Kb1 Rhf8 22. a3 Rfe8 23. Bb4 Qb6 24. Bxf5 gxf5 25. Qxh5+ 1-0


[Site "https://www.chess.com"]

[Event "Titled Tuesday Blitz April 11 Early 2023"]
[White "Burdalev, Kirill"]
[Black "Van Osch, Mees"]
[WhiteFideId "14121913"]
[BlackFideId "1035967"]
[WhiteElo "2236"]
[BlackElo "2324"]
[Result "0-1"]
[Round "11"]
[TimeControl "180+2"]
[Date "2023.04.11"]
[WhiteClock "0:00:01"]
[BlackClock "0:00:26"]

1. d4 d6 2. Nf3 e6 3. c4 a6 4. Nc3 Nf6 5. g3 b5 6. cxb5 axb5 7. Nxb5 Bb7 8. Bg2 Be7 9. O-O O-O 10. b3 Nc6 11. Bb2 Nb4 12. a3 Nbd5 13. Qc2 Qd7 14. Nc3 Nxc3 15. Bxc3 Be4 16. Qb2 Rfb8 17. b4 Nd5 18. Bd2 Bf6 19. Rfc1 c5 20. Ne5 dxe5 21. Bxe4 cxb4 22. axb4 Rxa1 23. Qxa1 exd4 24. Qb1 Nc3 25. Bxc3 dxc3 26. Bxh7+ Kh8 27. Bd3 Qd4 28. b5 Bg5 29. Rc2 Bd2 30. Qb3 g6 31. Qc4 Qa7 32. Kg2 Kg7 33. h4 Qb7+ 34. f3 Qb6 35. Qe4 Rc8 36. h5 Qd6 37. hxg6 f5 38. Qa4 Kxg6 39. Qa6 Qd7 40. Qa4 Rg8 41. Qg4+ Kf7 42. Qh5+ Kf8 43. b6 Qd6 44. Qh6+ Rg7 45. Qh8+ Kf7 46. Qh5+ Ke7 47. Qh4+ Kf8 48. Ra2 Qxb6 49. Ra8+ Kf7 50. Qh5+ Ke7 51. Re8+ Kd6 52. Rh8 Rxg3+ 53. Kxg3 Qg1+ 54. Kh3 Qh1+ 55. Kg3 f4+ 56. Kg4 Qg2+ 57. Kh4 Be1# 0-1


[Site "https://www.chess.com"]